 Dungeon Crawl Stone Soup version 0.29.1-15-g9cfb28693d (webtiles) character file.

Game seed: 1802983511117898454

1 promet the Trooper (level 1, 0/19 HPs)
             Began as a Minotaur Wanderer on Mar 13, 2023.
             Succumbed to a goblin's poison
             ... on level 1 of the Dungeon.
             The game lasted 00:00:23 (19 turns).

promet the Trooper (Minotaur Wanderer)                Turns: 19, Time: 00:00:24

Health: 0/19       AC:  3    Str: 16    XL:     1   Next: 16%
Magic:  1/1        EV: 11    Int:  8    God:
Gold:   0          SH:  0    Dex: 10    Spells: 1/2 levels left

rFire   . . .      SeeInvis .   a - +0 dagger
rCold   . . .      Faith    .   (no shield)
rNeg    . . .      Spirit   .   d - +0 leather armour
rPois   .          Reflect  .   (helmet restricted)
rElec   .          Harm     .   (no cloak)
rCorr   .          Rampage  .   (no gloves)
Will    .....                   (no boots)
Stlth   +.........              (no amulet)
HPRegen 0.06/turn               (no ring)
MPRegen 0.07/turn               (no ring)

@: lethally poisoned (0 -> -6)
A: horns 2, retaliatory headbutt
a: no special abilities


You were on level 1 of the Dungeon.
You visited 1 branch of the dungeon, and saw 1 of its levels.

Inventory:

Hand Weapons
 a - a +0 dagger (weapon)
Missiles
 b - 3 throwing nets (quivered)
 c - 10 poisoned darts
Armour
 d - a +0 leather armour (worn)
Scrolls
 e - a scroll of butterflies


   Skills:
 + Level 3.6 Fighting
 + Level 1.0 Throwing
 + Level 2.3 Dodging
 + Level 1.0 Spellcasting
 + Level 1.5 Earth Magic
 + Level 1.0 Evocations


You had one spell level left.
You knew the following spells:

 Your Spells              Type           Power      Damage    Failure   Level
a - Sandblast             Erth           4%         2d4       26%         1

Your spell library contained the following spells:

 Spells                   Type           Power      Damage    Failure   Level
 Stone Arrow              Conj/Erth      2%         3d7       71%         3


Dungeon Overview and Level Annotations

Branches:
Dungeon (1/15)

Altars:


Innate Abilities, Weirdness & Mutations

You have a pair of horns on your head.
You reflexively headbutt those who attack you in melee.


Message History

There is a large open door here.
You open the large door.
A goblin, a hobgoblin and a frilled lizard come into view.
The goblin is wielding a +0 dagger of venom.
The goblin shouts!
You hear an angry hiss.
Found a scroll labelled WELEZUCUFUA.
The frilled lizard hisses angrily.
You hit the hobgoblin. Your headbutt misses the hobgoblin.
The hobgoblin is moderately wounded.
A hobgoblin comes into view.
The hobgoblin hits you.
A ball python comes into view.
The hobgoblin shouts!
You hit the hobgoblin.
You headbutt the hobgoblin, but do no damage.
The hobgoblin is heavily wounded.
The hobgoblin completely misses you.
You hit the hobgoblin but do no damage.
The hobgoblin is heavily wounded.
The hobgoblin hits you.
You hit the goblin but do no damage. Your headbutt misses the goblin.
The goblin hits you but does no damage.
You are poisoned.
The hobgoblin closely misses you.
You hit the goblin.
You kill the goblin!
You feel very sick. The hobgoblin hits you.
You hit the frilled lizard but do no damage.
You feel sick. The frilled lizard bites you.
You aren't carrying any potions.
Unknown command.
You hit the hobgoblin.
The hobgoblin is severely wounded.
You feel sick. The frilled lizard barely misses you.
A rat comes into view.
The hobgoblin hits you.
* * * LOW HITPOINT WARNING * * *
You barely miss the frilled lizard.
You die...

# ###### .##.
#..§.# .....
###.≈§§###......
#<'.≈§.'@lg.....
#.'^≈§.'gS.?...r
###.≈≈.###......
#....# ...##.
###### #.# .# .
.


You could see 2 hobgoblins, a ball python, a frilled lizard and a rat
(wandering).

Vanquished Creatures
  A goblin (D:1)
1 creature vanquished.

Notes
Turn   | Place    | Note
-------+----------+-------------------------------------------
     0 | D:1      | promet the Minotaur Wanderer began the quest for the Orb.
     0 | D:1      | promet set off with the following items: a +0 dagger, 3
                  | throwing nets, 10 poisoned darts, a +0 leather armour, a
                  | scroll of butterflies; and the following spell memorised:
                  | Sandblast; and the following spells available to memorise:
                  | Stone Arrow.
     0 | D:1      | Reached XP level 1. HP: 19/19 MP: 1/1
    19 | D:1      | Succumbed to a goblin's poison

Illustrated notes

Levels and vault maps discovered:
D:1:      lightli_arrival_lavapool, layout_rooms, basic_ecumenical_altar

Action                   || total
-------------------------++-------
Melee: Dagger            ||     8
       Headbutt          ||     1
Armor: Leather armour    ||     1
Dodge: Dodged            ||     3
